 Dungeon Crawl Stone Soup version 0.31.0-32-g396128a36d (webtiles) character file.

Game seed: 12193738748918778762

104 karkarkar the Shield-Bearer (level 4, -3/40 HPs)
             Began as a Minotaur Fighter on Mar 27, 2024.
             Slain by a gnoll
             ... wielding a +0 spear
             ... led by a gnoll bouda
              (5 damage)
             ... on level 3 of the Dungeon.
             The game lasted 00:03:10 (1578 turns).

karkarkar the Shield-Bearer (Minotaur Fighter)      Turns: 1578, Time: 00:03:11

Health: -3/40      AC:  7    Str: 22    XL:     4   Next: 52%
Magic:  3/3        EV:  9    Int:  5    God:
Gold:   78         SH:  4    Dex: 10    Spells: 3/3 levels left

rFire   . . .        a - +0 war axe
rCold   . . .        c - +0 buckler
rNeg    . . .        b - +0 scale mail
rPois   .            (helmet restricted)
rElec   .            (no cloak)
rCorr   .            (no gloves)
SInv    .            (no boots)
Will    .....        (no amulet) Stlth
                     (no ring)
HPRegen 0.26/turn    (no ring)
MPRegen 0.08/turn

%: no passive effects
@: mighty
A: horns 2, retaliatory headbutt
a: no special abilities


You were on level 3 of the Dungeon.
You visited 1 branch of the dungeon, and saw 3 of its levels.

You collected 78 gold pieces.

Inventory:

Hand Weapons
 a - a +0 war axe (weapon)
Missiles
 j - 6 poisoned darts (quivered)
Armour
 b - a +0 scale mail (worn)
 c - a +0 buckler (worn)
Scrolls
 f - a scroll of amnesia {unknown}
 h - 2 scrolls of fog {unknown}
 i - a scroll of revelation {unknown}
 k - a scroll of blinking {unknown}
Potions
 e - a potion of curing {unknown}
 g - a potion of cancellation {unknown}


   Skills:
 - Level 4.0 Fighting
 * Level 4.2 Axes
 + Level 1.2 Throwing
 - Level 3.9 Armour
 + Level 4.4 Shields


You had 3 spell levels left.
You didn't know any spells.
Your spell library contained the following spells:

 Spells                   Type           Power      Damage    Failure   Level
 Kiss of Death            Conj/Necr      0%         2d5       86%         1
 Magic Dart               Conj           0%         1d3       86%         1
 Blink                    Tloc           0%         N/A       94%         2
 Call Imp                 Summ           0%         N/A       94%         2
 Lesser Beckoning         Tloc           0%         N/A       94%         2
 Confusing Touch          Hex            0%         N/A       99%         3
 Gell's Gravitas          Tloc           0%         N/A       99%         3
 Teleport Other           Tloc           0%         N/A       99%         3
 Dispel Undead            Necr           0%         3d6       100%        4


Dungeon Overview and Level Annotations

Branches:
Dungeon (3/15)

Altars:

Annotations:
D:2 1 exclusion


Innate Abilities, Weirdness & Mutations

You have a pair of horns on your head.
You reflexively headbutt those who attack you in melee.


Message History

You headbutt the gnoll bouda, but do no damage.
The gnoll bouda is severely wounded.
The gnoll bouda hits you with a +0 club.
You slash the gnoll bouda!
You kill the gnoll bouda!
Your Axes skill increases to level 4!
You have reached level 4!
You feel agile. The gnoll closely misses you.
Things that are here:
a +0 club; a +0 robe You closely miss the gnoll.
Your headbutt misses the gnoll. The gnoll hits you with a +0 flail.
The gnoll barely misses you.
You hit the gnoll.
The gnoll is heavily wounded.
The gnoll hits you with a +0 flail. You block the gnoll's attack.
The gnoll barely misses you.
You closely miss the gnoll.
The gnoll is heavily wounded.
The gnoll hits you from afar with a +0 spear.
The gnoll hits you with a +0 flail.
The gnoll hits you from afar with a +0 spear!
* * * LOW HITPOINT WARNING * * *
You are too injured to fight recklessly!
You are too injured to fight recklessly!
You closely miss the gnoll.
The gnoll is heavily wounded.
You block the gnoll's attack. The gnoll hits you with a +0 flail.
* * * LOW HITPOINT WARNING * * *
You hit the gnoll. You headbutt the gnoll.
You kill the gnoll!
The gnoll hits you from afar with a +0 spear.
* * * LOW HITPOINT WARNING * * *
Your Throwing skill increases to level 1!
Found a pearl ring.
The gnoll hits you with a +0 spear.
* * * LOW HITPOINT WARNING * * *
You hit the gnoll. Your headbutt misses the gnoll.
The gnoll is moderately wounded.
The gnoll is no longer moving quickly.
The gnoll hits you with a +0 spear.
You die...

## +# ... ..^ ###.# #.#
# #...######.# ..
#...+...##.#
=..####...#....#.#
........%......#(#
........)..###...#######
......g@)).#####........
...........#...........#
...........#...........#
...........#...........#
...........#...........#
...####...##...........#
... #...##...........#
.. #...#########'####
#..###


You could see a gnoll.

Vanquished Creatures
  A gnoll bouda (D:3)
  2 adders (D:3)
  2 gnolls (D:3)
  An orc (D:3)
  5 bats
  4 endoplasms
  A giant cockroach (D:2)
  A goblin (D:1)
  4 hobgoblins
  4 jackals (D:1)
  5 kobolds (D:1)
  A quokka (D:1)
  2 ball pythons (D:3)
  4 rats (D:1)
37 creatures vanquished.

Notes
Turn   | Place    | Note
-------+----------+-------------------------------------------
     0 | D:1      | karkarkar the Minotaur Fighter began the quest for the Orb.
     0 | D:1      | Reached XP level 1. HP: 19/19 MP: 0/0
    44 | D:1      | Reached XP level 2. HP: 27/27 MP: 1/1
    50 | D:1      | Found a faded altar of an unknown god.
   977 | D:2      | Noticed a bombardier beetle
  1117 | D:2      | Reached XP level 3. HP: 33/33 MP: 2/2
  1571 | D:3      | Reached XP level 4. HP: 33/40 MP: 3/3
  1577 | D:3      | Reached skill level 1 in Throwing
  1577 | D:3      | HP: 1/40 [gnoll/+0 spear[a gnoll bouda] (4)]
  1578 | D:3      | Slain by a gnoll

Illustrated notes

Levels and vault maps discovered:
D:1:      lightli_arrival_farm, layout_loops_corners,
          shapermc_ecumenical_altar_mp_highgroup, minmay_tromino_i2
D:2:      layout_basic, supply_closet_lemuel, uniq_jessica
D:3:      layout_basic, grunt_decor_arrowhead, uniq_sigmund

Skill      XL: |  1  2  3  4 |
---------------+-------------+-----
Fighting       | 4 |  4.0
Shields        | 4 |  4.4
Axes           | 3 4 |  4.2
Throwing       | 1 |  1.2
Armour         | |  3.9

Action                     |  1- 3 |  4- 6 || total
---------------------------+-------+-------++-------
  Melee: War axe           |    49 |     6 ||    55
         Headbutt          |     5 |     1 ||     6
  Throw: Dart              |     8 |       ||     8
    Use: Scroll            |     1 |       ||     1
         Potion            |     1 |       ||     1
 Armour: Scale mail        |    33 |     9 ||    42
  Dodge: Dodged            |    24 |     3 ||    27
  Block: Buckler           |     6 |     2 ||     8
